[Event "ICC Open 2015"]
[Site "Internet Chess Club"]
[Date "2015.05.29"]
[Round "6"]
[White "aplusk"]
[Black "olimpus"]
[Result "0-1"]
[ICCResult "White forfeits on time"]
[WhiteElo "2836"]
[BlackElo "2764"]
[Opening "Robatsch (modern) defense"]
[ECO "A40"]
[NIC "KF.05"]
[Time "20:22:49"]
[TimeControl "180+0"]

1. d4 g6 2. e4 Bg7 3. Nf3 d6 4. Bc4 e6 5. Bb3 a6 6. a4 b6 7. a5 b5 8. O-O
Bb7 9. Qe2 Nf6 10. e5 dxe5 11. dxe5 Nd5 12. Bg5 Qc8 13. c4 bxc4 14. Bxc4 h6
15. Bd2 Nd7 16. Nc3 Nxc3 17. Bxc3 O-O 18. Rfe1 Rd8 19. b4 Nf8 20. Nd4 Bd5
21. Rac1 Qb7 22. Bxd5 Rxd5 23. Qc4 Rad8 24. Nc6 R8d7 25. h3 g5 26. Re4 Ng6
27. Rce1 Ne7 28. Nxe7+ Rxe7 29. Rd4 Red7 30. Rxd5 Rxd5 31. Re2 Bf8 32. Rd2
c5 33. bxc5 Rxc5 34. Qd3 Qb3 35. Bb2 Qxd3 36. Rxd3 Rxa5 37. Rd8 Kg7 38. Bc3
Rd5 39. Ra8 Rd3 40. Ba5 Bc5 41. Rxa6 Rd1+ 42. Kh2 Bxf2 43. Bc7 h5 44. g4 h4
45. Ra2 Bg3+ 46. Kg2 Re1 47. Bd8 Bxe5 48. Bxg5 Bg3 49. Rd2 f6 50. Rd7+ Kg6
51. Bd2 Re2+ 52. Kf3 Rf2+ 53. Ke4 Rh2 54. g5 f5+ 55. Kf3 e5 56. Re7 e4+ 57.
Rxe4 fxe4+ 58. Kg4 Re2 59. Be3 Be1 60. Bf4 Rg2+ 61. Bg3 Rxg3+ 62. Kf4 Rxg5
63. Kxe4 Bg3 64. Kf3 Rf5+ 65. Ke2 Rf2+ 66. Kd1 Kf5 67. Kc1 Ke4 68. Kd1 Kd3
69. Kc1 Kc3 70. Kb1 Rc2 {White forfeits on time} 0-1

[Event "ICC Open 2015"]
[Site "Internet Chess Club"]
[Date "2015.05.29"]
[Round "6"]
[White "BlackHorse96"]
[Black "HuevosDeLeon"]
[Result "1-0"]
[ICCResult "Black resigns"]
[WhiteElo "3317"]
[BlackElo "2676"]
[Opening "French: MacCutcheon, Dr. Olland (Dutch) variation"]
[ECO "C12"]
[NIC "FR.05"]
[Time "20:23:43"]
[TimeControl "180+0"]

1. d4 Nf6 2. Nc3 e6 3. e4 d5 4. Bg5 Bb4 5. e5 h6 6. Bc1 Ne4 7. Qg4 g6 8. Ne2
c5 9. a3 Qa5 10. dxc5 Bxc5 11. Be3 Bxe3 12. fxe3 Nc6 13. h4 Nxe5 14. Qf4 Nc6
15. O-O-O Nxc3 16. Nxc3 Qd8 17. Nb5 Ke7 18. e4 d4 19. e5 Kf8 20. Nxd4 Nxd4
21. Rxd4 Qe7 22. Bd3 Kg7 23. Rf1 Rf8 24. h5 g5 25. Qe4 Rh8 26. Rf6 Rb8 27.
Rd6 Bd7 28. Qe3 Bc6 29. g4 Rbd8 30. Rxd8 Rxd8 31. Qxa7 Rd5 32. Qe3 Qc7 33.
Rf1 Rxe5 34. Qf2 Qe7 35. Qd4 f6 36. b4 Rd5 37. Qe4 Ra5 38. Qg6+ {Black
resigns} 1-0

[Event "ICC Open 2015"]
[Site "Internet Chess Club"]
[Date "2015.05.29"]
[Round "6"]
[White "MichaelBluth"]
[Black "Youko-Kurama"]
[Result "1-0"]
[ICCResult "Black forfeits on time"]
[WhiteElo "2312"]
[BlackElo "1884"]
[Opening "Réti opening"]
[ECO "A04"]
[NIC "QP.10"]
[Time "20:22:51"]
[TimeControl "180+0"]

1. Nf3 c5 2. b3 Nf6 3. Bb2 e6 4. e3 Be7 5. c4 O-O 6. g3 b6 7. Bg2 Bb7 8. O-O
d6 9. Qe2 Nbd7 10. Nc3 Re8 11. d3 d5 12. Rad1 Bf8 13. Ne1 Qc7 14. g4 dxc4
15. bxc4 Bxg2 16. Nxg2 h6 17. f4 g6 18. h4 h5 19. f5 Nxg4 20. Nf4 exf5 21.
Ncd5 Qd6 22. Qc2 Bg7 23. Bxg7 Kxg7 24. Qc3+ f6 25. Rde1 Re5 26. d4 Re4 27.
dxc5 Nxc5 28. Re2 Rae8 29. Rf3 Qe5 30. Qa3 a5 31. Qc1 Kh6 32. Qb1 g5 33.
hxg5+ Kxg5 34. Nh3+ Kg6 35. Qxb6 Nd3 36. Nhf4+ Nxf4 37. Nxf4+ Kg5 38. Qb7
Qe7 39. Nh3+ Kg6 40. Nf4+ Kg5 41. Qd5 Re5 42. Nh3+ Kg6 43. Nf4+ Kg5 44. Qd1
Nxe3 45. Qc1 Kh6 46. Ng2 f4 47. Nxf4 Qg7+ 48. Ng2 Qg5 49. Rfxe3 Rxe3 50.
Rxe3 h4 51. Qe1 Re5 52. Rxe5 fxe5 53. Qxh4+ Kg6 54. Qe4+ Qf5 55. Qc6+ Kg5
56. Qd5 Qb1+ 57. Kh2 Kf5 58. Qf3+ Ke6 59. Qd5+ Ke7 60. Qxe5+ Kd8 61. Qd6+
Kc8 62. a3 {Black forfeits on time} 1-0

[Event "ICC Open 2015"]
[Site "Internet Chess Club"]
[Date "2015.05.29"]
[Round "6"]
[White "ClockWatcher"]
[Black "blackjack721"]
[Result "1-0"]
[ICCResult "Black forfeits on time"]
[WhiteElo "1835"]
[BlackElo "1434"]
[Opening "Latvian counter-gambit"]
[ECO "C40"]
[NIC "KP.09"]
[Time "20:22:57"]
[TimeControl "180+0"]

1. e4 e5 2. Nf3 f5 3. d4 Nc6 4. Nxe5 Nxe5 5. dxe5 Qe7 6. exf5 Qxe5+ 7. Qe2
d6 8. Bf4 Qxe2+ 9. Bxe2 Bxf5 10. c3 Nf6 11. O-O O-O-O 12. Be3 Kb8 13. a4 d5
14. Nd2 Ne4 15. Nxe4 Bxe4 16. Bd4 c5 17. Be5+ Bd6 18. Bxd6+ Rxd6 19. a5 Rg6
20. f3 Bf5 21. Rfd1 Rd8 22. Bd3 Bxd3 23. Rxd3 c4 24. Rd4 h5 25. Rad1 Rg5 26.
Rxc4 dxc4 27. Rxd8+ Kc7 28. Rg8 Rxa5 29. Rxg7+ Kc6 30. g4 hxg4 31. fxg4 Ra1+
32. Kg2 Rb1 33. g5 Rxb2+ 34. Kg3 Rb3 35. g6 Rxc3+ 36. Kf4 Rc1 37. Ke3 c3 38.
Kd3 b5 39. Rxa7 b4 40. Kc4 c2 41. Kb3 Kb6 42. Rf7 Kc5 43. g7 Rg1 44. Kxc2
Rg2+ 45. Kb3 Kd6 46. Kxb4 Ke6 47. Rb7 Kf6 48. g8=Q Rxg8 49. Rb6+ Kf5 50.
Rb5+ Kg4 51. h4 Kxh4 52. Rb7 Rg4+ 53. Kc3 Rg3+ 54. Kd4 Rg4+ 55. Ke3 Rg2 56.
Kf3 Rg3+ 57. Kf2 Rg8 58. Rh7+ Kg5 59. Rf7 Kh6 60. Rf6+ Kg7 61. Rf3 Kh7 62.
Rh3+ Kg7 63. Rd3 {Black forfeits on time} 1-0

[Event "ICC Open 2015"]
[Site "Internet Chess Club"]
[Date "2015.05.29"]
[Round "6"]
[White "Pancake"]
[Black "gioachino82"]
[Result "1-0"]
[ICCResult "Black forfeits on time"]
[WhiteElo "1751"]
[BlackElo "1449"]
[Opening "King's Indian: 6.Be2"]
[ECO "E91"]
[NIC "KI.19"]
[Time "20:23:09"]
[TimeControl "180+0"]

1. d4 Nf6 2. c4 d6 3. Nf3 g6 4. Nc3 Bg7 5. e4 O-O 6. Be2 c6 7. Be3 Qc7 8.
O-O e5 9. d5 c5 10. Ne1 Nh5 11. Bxh5 gxh5 12. Qxh5 f5 13. exf5 Rxf5 14. Qh4
a6 15. a4 Nd7 16. Ne4 Nf8 17. Nd3 Ng6 18. Qg3 Rf8 19. f3 Bf5 20. Ndf2 b5 21.
axb5 axb5 22. b3 bxc4 23. bxc4 Qb6 24. h4 Bxe4 25. Nxe4 Nf4 26. Qg4 Rxa1 27.
Rxa1 Qb7 28. Nxd6 Qb2 29. Ra7 Ng6 30. h5 Qb1+ 31. Kh2 e4 32. hxg6 exf3 33.
gxh7+ Qxh7+ 34. Qh3 Qxh3+ 35. Kxh3 fxg2 36. Kxg2 Be5 37. Bxc5 Rc8 38. Nxc8
{Black forfeits on time}
1-0

[Event "ICC Open 2015"]
[Site "Internet Chess Club"]
[Date "2015.05.29"]
[Round "6"]
[White "Dlugy"]
[Black "Zigfrid"]
[Result "1/2-1/2"]
[ICCResult "Game drawn by mutual agreement"]
[WhiteElo "3042"]
[BlackElo "3076"]
[Opening "Queen's gambit declined"]
[ECO "D30"]
[NIC "QP.08"]
[Time "20:22:35"]
[TimeControl "180+0"]

1. d4 d5 2. c4 e6 3. Nf3 c6 4. Qc2 Nf6 5. g3 b6 6. Bg2 Bb7 7. O-O Nbd7 8.
Rd1 Be7 9. b3 O-O 10. Nc3 Rc8 11. e4 c5 12. exd5 exd5 13. Bf4 Re8 14. Qf5
dxc4 15. d5 cxb3 16. axb3 a6 17. Ng5 g6 18. Qh3 Bf8 19. Ne6 fxe6 20. dxe6
Bxg2 21. Kxg2 Re7 22. Bd6 Rg7 23. Bxf8 Qxf8 24. exd7 Rd8 25. Qe6+ Qf7 26.
Qxb6 Rxd7 27. Qb8+ Qf8 28. Qxf8+ Kxf8 29. Rxd7 Rxd7 30. Rxa6 Kg7 31. Rc6 Rb7
32. Na4 Nd7 33. Rd6 Kf7 34. h4 Ke7 35. Rd3 Rb4 36. Rc3 Kd6 37. Nb2 Ne5 38.
f4 Nc6 39. Nd3 Rb5 40. Nc1 Nd4 41. g4 Rb4 42. Kg3 Kd5 43. h5 gxh5 44. gxh5
Rb8 45. Rd3 h6 46. Kh4 Ke4 47. Kg3 Rg8+ 48. Kf2 Rb8 49. Rc3 Rb5 50. Ne2 Nxb3
51. Re3+ Kf5 52. Kg3 Kf6 53. Re5 Ra5 54. Nc3 Ra3 55. Ne4+ Kf7 56. Kg4 Nd4
57. Rxc5 Ra1 58. Rc7+ Ke6 59. Rc4 Rg1+ 60. Kh3 Ne2 61. Nf2 Rg3+ 62. Kh4 Re3
63. Re4+ Rxe4 64. Nxe4 Nxf4 65. Kg4 {Game drawn by mutual agreement} 1/2-1/2

[Event "ICC Open 2015"]
[Site "Internet Chess Club"]
[Date "2015.05.29"]
[Round "6"]
[White "Discoverchess"]
[Black "youngjp"]
[Result "0-1"]
[ICCResult "White checkmated"]
[WhiteElo "2434"]
[BlackElo "1985"]
[Opening "English: Anglo-Dutch defense"]
[ECO "A10"]
[NIC "HD.14"]
[Time "20:23:23"]
[TimeControl "180+0"]

1. c4 f5 2. Nc3 Nf6 3. g3 g6 4. Bg2 Bg7 5. d3 O-O 6. e4 d6 7. exf5 Bxf5 8.
Bxb7 Nbd7 9. d4 Rb8 10. Bg2 e5 11. Nge2 exd4 12. Nxd4 Re8+ 13. Be3 Bg4 14.
Qd2 Ne5 15. b3 c5 16. Ndb5 Nf3+ 17. Bxf3 Bxf3 18. O-O Ng4 19. Bg5 Qd7 20.
Nd5 Re2 21. Qf4 Rf8 22. Qxd6 Qxd6 23. Nxd6 Bxa1 24. Rxa1 Rxf2 25. Ne7+ Kh8
26. h3 Rg2+ 27. Kf1 Nh2+ 28. Ke1 Re2+ 29. Kd1 Rxa2+ 30. Kc1 Rxa1+ 31. Kb2
Rd1 32. Nb5 Be4 33. Bf4 h5 34. Be5+ Kh7 35. Nd6 Rf2+ 36. Ka3 Rdd2 37. Ka4
Ra2+ 38. Kb5 Bg2 39. Ne8 a6+ 40. Kxc5 Rf5 41. Nxf5 gxf5 42. Nf6+ Kg6 43. Nd7
Be4 44. Nf8+ Kf7 45. Nd7 Ke6 46. g4 Kxd7 47. g5 Ke6 48. Bd4 f4 49. g6 Bxg6
50. b4 Kf5 51. b5 axb5 52. cxb5 Rc2+ 53. Kd6 f3 54. b6 f2 55. b7 f1=Q 56.
b8=Q Qa6+ 57. Kd7 Qe6+ 58. Kd8 Qe8# {White checkmated} 0-1

[Event "ICC Open 2015"]
[Site "Internet Chess Club"]
[Date "2015.05.29"]
[Round "6"]
[White "dietcoke"]
[Black "WayTooRighteous"]
[Result "1-0"]
[ICCResult "Black checkmated"]
[WhiteElo "2167"]
[BlackElo "1936"]
[Opening "Sicilian: dragon, Yugoslav attack"]
[ECO "B75"]
[NIC "SI.17"]
[Time "20:23:16"]
[TimeControl "180+0"]

1. e4 c5 2. Nf3 d6 3. d4 cxd4 4. Nxd4 Nf6 5. Nc3 g6 6. Be3 Bg7 7. f3 a6 8.
Qd2 h5 9. O-O-O b5 10. Nd5 Bb7 11. Nxf6+ Bxf6 12. h4 Nd7 13. Kb1 Rc8 14. Bd3
Ne5 15. Rhe1 Nc4 16. Bxc4 Rxc4 17. Nb3 O-O 18. Na5 Rc7 19. Bb6 Qc8 20. Bxc7
Qxc7 21. Nb3 Rc8 22. c3 a5 23. Nd4 b4 24. Rc1 Qb6 25. Ne2 Ba6 26. cxb4 Rxc1+
27. Rxc1 axb4 28. g4 Qf2 29. Re1 Bxh4 30. Rh1 Bxe2 31. Rxh4 Qxh4 32. Qxe2
hxg4 33. fxg4 Qf6 34. a3 bxa3 35. bxa3 Qc3 36. Ka2 f6 37. Qd1 Qc4+ 38. Qb3
Qxb3+ 39. Kxb3 e6 40. a4 f5 41. a5 fxe4 42. a6 Kf7 43. a7 Kf6 44. a8=Q d5
45. Qf8+ Kg5 46. Kc3 Kxg4 47. Kd4 g5 48. Ke3 e5 49. Qf1 Kh5 50. Qh3+ Kg6 51.
Qe6+ Kh5 52. Qxd5 Kg4 53. Qxe4+ Kg3 54. Qxe5+ Kg4 55. Qe6+ Kg3 56. Ke4 g4
57. Kf5 Kf3 58. Qe4+ Kf2 59. Qxg4 Ke3 60. Qg3+ Kd4 61. Qf3 Kc5 62. Ke5 Kb6
63. Qc3 Kb5 64. Kd5 Kb6 65. Qc6+ Ka5 66. Qb7 Ka4 67. Kc4 Ka3 68. Qb3#
{Black checkmated}
1-0

[Event "ICC Open 2015"]
[Site "Internet Chess Club"]
[Date "2015.05.29"]
[Round "6"]
[White "BigSerge"]
[Black "Bagelhead"]
[Result "0-1"]
[ICCResult "White forfeits on time"]
[WhiteElo "1954"]
[BlackElo "2333"]
[Opening "KGA: Abbazia defense, modern variation"]
[ECO "C31"]
[NIC "KG.04"]
[Time "20:23:20"]
[TimeControl "180+0"]

1. e4 e5 2. f4 d5 3. exd5 exf4 4. Nf3 Nf6 5. Bb5+ c6 6. dxc6 Nxc6 7. d4 Qa5+
8. Nc3 Bb4 9. Bxc6+ bxc6 10. O-O O-O 11. Bxf4 Bxc3 12. bxc3 Qxc3 13. Be5 Nd5
14. Qe2 a5 15. Qe4 f6 16. Bd6 Rd8 17. Bc5 Ba6 18. Rfe1 Re8 19. Qg4 Be2 20.
Qd7 Qe3+ 21. Kh1 Nf4 22. Qxc6 Qf2 23. Rxe2 Qxe2 24. Ng1 Rac8 25. Qf3 Qxf3
26. Nxf3 Re2 27. Nh4 Rxc2 28. h3 Ne2 29. Nf5 Kf7 30. Nd6+ Ke6 31. Nxc8 Ng3+
32. Kh2 Ne4 33. Re1 Kd5 34. Rxe4 Kxe4 35. Nd6+ Kd5 36. Nb7 Rxa2 37. Nd8 a4
38. Nf7 a3 39. Nd8 Ra1 40. Nb7 a2 41. Na5 Rh1+ 42. Kxh1 a1=Q+ 43. Kh2 Qxa5
44. Kg3 Qa2 45. Kg4 Qc2 46. Kg3 Qg6+ 47. Kh2 Qe4 48. Kg1 f5 49. Kh1 f4 50.
Kh2 f3 51. Kg1 fxg2 {White forfeits on time} 0-1

[Event "ICC Open 2015"]
[Site "Internet Chess Club"]
[Date "2015.05.29"]
[Round "6"]
[White "Lilinstein"]
[Black "HaraldEskilstu"]
[Result "1/2-1/2"]
[ICCResult "White ran out of time and Black has no material to mate"]
[WhiteElo "2589"]
[BlackElo "2026"]
[Opening "English, Kramnik-Shirov counterattack"]
[ECO "A21"]
[NIC "EO.23"]
[Time "20:23:06"]
[TimeControl "180+0"]

1. c4 e5 2. Nc3 Bb4 3. Nd5 Be7 4. g3 Nf6 5. Bg2 Nxd5 6. cxd5 c6 7. Qb3 O-O
8. Nf3 d6 9. O-O Qb6 10. Qxb6 axb6 11. dxc6 Nxc6 12. b3 Be6 13. Bb2 f6 14.
d4 e4 15. Nd2 d5 16. e3 f5 17. Rfc1 Bd6 18. Bh3 Nb4 19. Bf1 Nxa2 20. Rc2 Nb4
21. Rcc1 Ra5 22. Ra4 Rfa8 23. Bb5 Nd3 24. Bxd3 exd3 25. Rca1 Bd7 26. Rxa5
bxa5 27. Bc3 b6 28. Nf3 Rc8 29. Bd2 Bb5 30. Rc1 Rxc1+ 31. Bxc1 h6 32. h4 Kf7
33. Bd2 Ke6 34. Kf1 a4 35. bxa4 Bxa4 36. Ke1 b5 37. Bc3 b4 38. Bb2 Bb5 39.
Kd2 g6 40. Ne1 g5 41. hxg5 hxg5 42. Nxd3 Bxd3 43. Kxd3 f4 44. gxf4 gxf4 45.
Bc1 Kf5 46. Bd2 f3 47. Bc1 Kg4 48. e4 dxe4+ 49. Kxe4 b3 50. Ke3 Bb4 51. Bb2
Kf5 52. Kxf3 Ke6 53. Ke3 Kd5 54. Kd3 Ba5 55. f4 Ke6 56. f5+ Kxf5 57. Kc4 Ke6
58. Kxb3 Bc7 59. Kc4 Kd7 60. d5 Bd8
{White ran out of time and Black has no material to mate}
1/2-1/2

[Event "ICC Open 2015"]
[Site "Internet Chess Club"]
[Date "2015.05.29"]
[Round "6"]
[White "Capaman"]
[Black "Parsifal"]
[Result "0-1"]
[ICCResult "White forfeits on time"]
[WhiteElo "2013"]
[BlackElo "2423"]
[Opening "Pirc: classical, h3 system"]
[ECO "B07"]
[NIC "PU.10"]
[Time "20:23:26"]
[TimeControl "180+0"]

1. e4 d6 2. d4 g6 3. Nc3 Bg7 4. Nf3 Nf6 5. h3 c6 6. Be2 Qc7 7. Be3 Nbd7 8.
Qd2 b5 9. a3 Bb7 10. Bh6 Bxh6 11. Qxh6 O-O-O 12. O-O e5 13. dxe5 dxe5 14.
Qe3 Qb6 15. Qxb6 axb6 16. b4 Rhe8 17. Rfe1 Nf8 18. a4 bxa4 19. Rxa4 N6d7 20.
Rd1 Ne6 21. g3 Kc7 22. Kf1 f6 23. Bc4 Ndf8 24. Rxd8 Rxd8 25. Ke2 Nd4+ 26.
Nxd4 Rxd4 27. Bd3 Ne6 28. b5 Rxa4 29. Nxa4 cxb5 30. Nc3 Nd4+ 31. Ke3 Bc6 32.
Nb1 b4 33. Nd2 Kd6 34. f4 Kc5 35. Nb3+ Nxb3 36. cxb3 Bd7 37. fxe5 fxe5 38.
h4 Be6 39. Bc2 h6 40. Bd1 g5 41. hxg5 hxg5 42. Bc2 Kd6 43. Bd1 Ke7 44. Bc2
Bh3 45. Bd1 Bf1 46. Bc2 Kf6 47. Bd1 b5 48. Bg4 Bg2 49. Bd1 Bh3 50. Be2 Be6
51. Bd1 Kg6 52. Kd3 Kf6 53. Ke3 Ke7 54. Kd3 Kd6 55. Ke3 Kc5 56. Kd3 Bf7 57.
Ke3 Bg6 58. Kd3 Bf7 59. Ke3 Bg8 {White forfeits on time} 0-1

[Event "ICC Open 2015"]
[Site "Internet Chess Club"]
[Date "2015.05.29"]
[Round "6"]
[White "LooneyBinJim"]
[Black "El-Flippo"]
[Result "1-0"]
[ICCResult "Black forfeits on time"]
[WhiteElo "1702"]
[BlackElo "1338"]
[Opening "Sicilian: Taimanov variation"]
[ECO "B49"]
[NIC "SI.40"]
[Time "20:22:52"]
[TimeControl "180+0"]

1. e4 c5 2. Nf3 Nc6 3. d4 cxd4 4. Nxd4 Qc7 5. Nc3 e6 6. Be2 a6 7. Be3 Nf6 8.
O-O d6 9. Qd2 Be7 10. f3 O-O 11. Rad1 Bd7 12. f4 Rac8 13. Kh1 Rfd8 14. Bf3
Na5 15. Qf2 Nc4 16. Bc1 b5 17. a3 e5 18. fxe5 dxe5 19. Nf5 Bxf5 20. exf5 Nd6
21. Rfe1 Nxf5 22. Ne4 Nd4 23. Nxf6+ Bxf6 24. c3 Nb3 25. Be4 Nc5 26. Bb1 Rxd1
27. Rxd1 Rd8 28. Re1 e4 29. Qe2 g6 30. Be3 Nd3 31. Rf1 Bg7 32. g3 h5 33. Ba2
Rd7 34. Bb1 f5 35. Bxd3 Rxd3 36. Rd1 Qd6 37. Rf1 Be5 38. Qf2 Rxe3 39. Qxe3
Qd5 40. Qe2 Bg7 41. Rd1 Kh7 42. Rxd5 Bf6 43. Rd7+ Kh6 44. Qe3+ Bg5 45. Qd4
{Black forfeits on time}
1-0

[Event "ICC Open 2015"]
[Site "Internet Chess Club"]
[Date "2015.05.29"]
[Round "6"]
[White "slothchess"]
[Black "PITCHUS"]
[Result "1/2-1/2"]
[ICCResult "Black ran out of time and White has no material to mate"]
[WhiteElo "1487"]
[BlackElo "1782"]
[Opening "Caro-Kann: Tartakower (Nimzovich) variation"]
[ECO "B15"]
[NIC "CK.06"]
[Time "20:23:13"]
[TimeControl "180+0"]

1. e4 c6 2. d4 d5 3. Nc3 dxe4 4. Nxe4 Nf6 5. Nxf6+ exf6 6. Nf3 Bd6 7. Be2
O-O 8. O-O Bg4 9. c3 Re8 10. Re1 Bc7 11. h3 Bh5 12. Nh2 Bg6 13. Nf1 Nd7 14.
Bf3 Nf8 15. Be3 Qd6 16. Qd2 Be4 17. Bxe4 Rxe4 18. Qd3 Rae8 19. Re2 c5 20.
Rae1 cxd4 21. Bxd4 Rxe2 22. Rxe2 Rxe2 23. Qxe2 Ne6 24. Be3 Qe5 25. Qd2 a6
26. Qd7 Qd6 27. Qxd6 Bxd6 28. Nd2 b5 29. Ne4 Be7 30. Kf1 f5 31. Nd2 f4 32.
Bd4 Bc5 33. Bxc5 Nxc5 34. Ke2 Na4 35. Kf3 g5 36. c4 Nxb2 37. cxb5 axb5 38.
Ke4 Nd1 39. f3 Nc3+ 40. Kd4 Nxa2 41. Kc5 b4 42. Kc4 Kg7 43. Kb3 Nc1+ 44.
Kxb4 Nd3+ 45. Kc4 Ne1 46. Ne4 Kg6 47. Kd5 Nxg2 48. Kd6 Nh4 49. Nd2 h5 50.
Ke5 f5 51. Ke6 g4 52. hxg4 fxg4 53. Ke5 g3 54. Kxf4 g2 55. Ne4 g1=Q 56. Nd6
Qh2+ 57. Ke4 Qxd6 58. f4 Ng2 59. f5+ Kf6 60. Kf3 Qf4+ 61. Kxg2 Qxf5 62. Kh2
{Black ran out of time and White has no material to mate}
1/2-1/2

[Event "ICC Open 2015"]
[Site "Internet Chess Club"]
[Date "2015.05.29"]
[Round "6"]
[White "grancaruso"]
[Black "jewels2"]
[Result "1-0"]
[ICCResult "Black forfeits on time"]
[WhiteElo "1831"]
[BlackElo "1334"]
[Opening "Queen's pawn game, Chigorin variation"]
[ECO "A04"]
[NIC "QP.11"]
[Time "20:23:26"]
[TimeControl "180+0"]

1. Nf3 Nc6 2. d4 d5 3. e3 Nf6 4. c4 e6 5. Nc3 Bd6 6. b3 O-O 7. Bd3 b6 8. O-O
Bb7 9. Qe2 Ne7 10. Bb2 Ng6 11. Rfd1 Ne4 12. Nb5 Be7 13. Nd2 f5 14. f3 Nf6
15. Nc3 Bd6 16. Rac1 Nh5 17. Nb5 Be7 18. Nf1 c6 19. Nc3 Qc7 20. Qf2 Bg5 21.
Ng3 Nxg3 22. hxg3 Rae8 23. cxd5 exd5 24. Nxd5 Qd6 25. Nf4 Bf6 26. Bxf5 Ne7
27. Bd3 g6 28. Be4 Nc8 29. d5 c5 30. Ne6 Bxb2 31. Qxb2 Rf7 32. Kf2 Ba6 33.
Rh1 Rxe6 34. dxe6 Qxe6 35. Rcd1 Nd6 36. Bd5 Ne4+ 37. Ke1 Qf6 38. Bxf7+ Kxf7
39. Rd7+ Ke6 40. Qxf6+ Nxf6 41. Rxa7 Bb5 42. Kf2 Nd5 43. Rhxh7 Nb4 44. e4
Nd3+ 45. Ke3 Nc1 46. f4 Nxa2 47. Rxa2 {Black forfeits on time} 1-0

[Event "ICC Open 2015"]
[Site "Internet Chess Club"]
[Date "2015.05.29"]
[Round "6"]
[White "Eros"]
[Black "CapilanoBridge"]
[Result "0-1"]
[ICCResult "White resigns"]
[WhiteElo "3040"]
[BlackElo "3161"]
[Opening "Ruy Lopez: Berlin defense"]
[ECO "C65"]
[NIC "RL.07"]
[Time "20:23:16"]
[TimeControl "180+0"]

1. e4 e5 2. Nf3 Nc6 3. Bb5 Nf6 4. d3 Bc5 5. Bxc6 dxc6 6. Nbd2 O-O 7. Nc4 Nd7
8. Be3 f6 9. O-O Be7 10. Nh4 Nb6 11. b3 g6 12. Nd2 c5 13. Nhf3 Be6 14. Kh1
Nd7 15. Nc4 Nb8 16. Nfd2 Nc6 17. f4 exf4 18. Bxf4 f5 19. Be3 b6 20. exf5
Bxf5 21. Qe2 Bf6 22. Rae1 Qd7 23. Ne4 Bg7 24. Qd2 Bxe4 25. dxe4 Qxd2 26.
Bxd2 Rfe8 27. g3 Nd4 28. c3 Nc6 29. Kg2 b5 30. Na3 a6 31. Re2 Rad8 32. Nc2
Rd7 33. Ne1 h6 34. h4 Red8 35. Rff2 Ne5 36. Bf4 Ng4 37. Rf3 c4 38. bxc4 bxc4
39. e5 Re7 40. Re4 Rd1 41. Rf1 g5 42. hxg5 h5 43. g6 Bxe5 44. Nf3 Rxf1 45.
Kxf1 Bf6 46. Rxe7 Bxe7 47. Ne5 Kg7 48. Nxg4 hxg4 49. Bxc7 Bf6 50. Ke2 Bxc3
51. Ke3 Kxg6 52. Kf4 Bd2+ 53. Kxg4 c3 54. Bd6 c2 55. Ba3 Be3 56. Bb2 c1=Q
57. Bxc1 Bxc1 58. Kf3 a5 59. Ke4 Kg5 60. Kd3 Kg4 61. Kc4 Bd2 62. a4 Be1
{White resigns}
0-1

[Event "ICC Open 2015"]
[Site "Internet Chess Club"]
[Date "2015.05.29"]
[Round "6"]
[White "saya"]
[Black "Gan-Od"]
[Result "0-1"]
[ICCResult "White checkmated"]
[WhiteElo "2528"]
[BlackElo "2243"]
[Opening "King's Indian: London system"]
[ECO "A48"]
[NIC "QP.03"]
[Time "20:22:41"]
[TimeControl "180+0"]

1. d4 Nf6 2. Nf3 g6 3. Bf4 Bg7 4. e3 O-O 5. h3 d5 6. Nbd2 c6 7. c3 Bf5 8.
Be2 Ne4 9. O-O Nxd2 10. Qxd2 Nd7 11. b4 a6 12. a4 b5 13. Bh2 Nb6 14. a5 Nc4
15. Bxc4 bxc4 16. Be5 f6 17. Bh2 Qd7 18. Rfe1 Rae8 19. Qd1 e5 20. Nd2 Bd3
21. Qg4 f5 22. Qh4 e4 23. f4 exf3 24. Nxf3 Re4 25. Qf2 Rfe8 26. Bf4 R4e7 27.
Be5 Be4 28. Bxg7 Rxg7 29. Ne5 Qd6 30. Qg3 Rge7 31. Rf1 Rxe5 32. dxe5 Rxe5
33. Rad1 Bd3 34. Rf2 Qe7 35. Re1 Qf6 36. Rf4 Re7 37. Rc1 Qe5 38. Kf2 Kg7 39.
h4 h6 40. Rf3 Qe6 41. Qf4 Be4 42. Rg3 Kh7 43. Rd1 Qf6 44. Rd4 Re5 45. Rh3
Kg7 46. Kg1 Kh7 47. g4 Qe7 48. Kf2 fxg4 49. Qxg4 Bf5 50. Qg3 Bxh3 51. Qxh3
Rf5+ 52. Ke2 Qf6 53. Qg3 Qe5 54. Qg2 Qf6 55. Qg3 Qe5 56. Qh3 Kg7 57. Rg4 Kf7
58. Rd4 Qe6 59. Qg3 Qe5 60. Qg2 g5 61. hxg5 Rxg5 62. Qf3+ Kg7 63. Qh3 Qf5
64. Qf1 Qc2+ 65. Kf3 Rf5+ 66. Rf4 Rxf4+ 67. exf4 Qxc3+ 68. Kg4 Qf6 69. Qe1
Kf7 70. Qh1 Qe6+ 71. f5 Qf6 72. Qh5+ Kg7 73. Qh1 Qg5+ 74. Kf3 Qxf5+ 75. Ke3
Qe4+ 76. Qxe4 dxe4 77. Kxe4 h5 78. Kd4 h4 79. Kxc4 h3 80. Kc5 h2 81. Kxc6
h1=Q+ 82. Kb6 Qh6+ 83. Ka7 Qc6 84. b5 Qxb5 85. Ka8 Kf7 86. Ka7 Ke7 87. Ka8
Kd7 88. Ka7 Kc7 89. Ka8 Qb7# {White checkmated} 0-1

[Event "ICC Open 2015"]
[Site "Internet Chess Club"]
[Date "2015.05.29"]
[Round "6"]
[White "Red-white"]
[Black "yummy2"]
[Result "1/2-1/2"]
[ICCResult "Game drawn by mutual agreement"]
[WhiteElo "3153"]
[BlackElo "2670"]
[Opening "QGD Slav: 4.e3"]
[ECO "D11"]
[NIC "QP.08"]
[Time "20:23:20"]
[TimeControl "180+0"]

1. d4 d5 2. Nf3 Nf6 3. c4 c6 4. e3 a6 5. Bd3 g6 6. O-O Bg7 7. Nc3 O-O 8. b3
Bg4 9. Bb2 Nbd7 10. h3 Bxf3 11. Qxf3 e6 12. Qe2 Re8 13. Rac1 Rc8 14. Rfd1
Qe7 15. Qc2 h5 16. Bf1 Nb6 17. a4 Qd8 18. Ba3 Bf8 19. Bxf8 Rxf8 20. c5 Nbd7
21. b4 Qe7 22. b5 axb5 23. axb5 e5 24. Ra1 exd4 25. exd4 Ra8 26. b6 Rfe8 27.
Qd2 Nf8 28. Ra7 Ne6 29. Rda1 Rab8 30. Re1 Qf8 31. Re3 Qg7 32. g3 Nh7 33. Ne2
Nhg5 34. Bg2 Nh7 35. Re5 Nhf8 36. h4 Nd7 37. Re3 Qf6 38. Bh3 Ndf8 39. Re5
Nd7 40. Re3 Ndf8 41. Bxe6 Rxe6 42. Rxe6 Nxe6 43. Qe3 Kf8 44. Kg2 Kg8 45. Qf3
Kg7 46. Qxf6+ Kxf6 47. Kf3 Ke7 48. Ke3 Nf8 49. Nc1 Kd7 50. Nb3 Ne6 51. Na5
Nd8 52. Kf4 f6 53. Ke3 Ke6 54. f3 Kf5 55. Kd3 g5 56. Ke3 Kg6 57. f4 g4 58.
Kd3 Kf5 59. Nb3 Ke6 60. Nd2 Kf5 61. Nb1 Ne6 62. Nc3 Ng7 63. Na2 Ke6 64. Nc3
Nf5 65. Ne2 Ne7 66. Nc3 Nf5 67. Ne2 Ne7 68. f5+ Nxf5 69. Nf4+ Kf7 70. Nxh5
Kg6 71. Nf4+ Kh6 72. Ne2 Ng7 73. Ke3 Nh5 74. Kf2 f5 75. Nf4 Nxf4 76. gxf4
Kh5 77. Kg3 Kg6 78. Ra3 Re8 79. Rb3 Re7 80. Ra3 Kh5 81. Ra7 Re3+ 82. Kg2
{Game drawn by mutual agreement}
1/2-1/2

[Event "ICC Open 2015"]
[Site "Internet Chess Club"]
[Date "2015.05.29"]
[Round "6"]
[White "brizito"]
[Black "JCarllsen"]
[Result "1-0"]
[ICCResult "Black checkmated"]
[WhiteElo "1597"]
[BlackElo "1817"]
[Opening "King's Indian: East Indian defense"]
[ECO "A48"]
[NIC "QP.06"]
[Time "20:23:40"]
[TimeControl "180+0"]

1. d4 Nf6 2. Nf3 g6 3. e3 Bg7 4. Bd3 O-O 5. O-O d6 6. c4 Nbd7 7. b3 e5 8.
Nc3 Re8 9. Qc2 c6 10. Ba3 Qc7 11. Rfd1 Bf8 12. Rac1 Qa5 13. Bb2 exd4 14.
exd4 d5 15. cxd5 Nxd5 16. Nxd5 Qxd5 17. Bc4 Qh5 18. d5 Nb6 19. Qc3 f6 20.
Qxf6 Nxc4 21. bxc4 Bg4 22. Qh8+ Kf7 23. Ng5+ Ke7 24. dxc6 Qxg5 25. Qxh7+ Ke6
26. Qd7# {Black checkmated} 1-0